Map: 2000 Atmospheres LE

Players

Eleven - Winner!

  • Race: Zerg Zerg
  • League: Master
  • Spawn Location: 3:00

Osiris

  • Race: Terran Terran
  • League: Diamond
  • Spawn Location: 7:00

VOD

Have the link to the VOD?

Description

Time

  • Played on: July 1, 2022, 8:26 p.m.
  • Length: 16:50
Show
View Real Time Build Order
Export as new Build Order

Eleven Zerg - Winner!

Build Orders: Pool First, Lurkers 

Get SALT Encoding   

  12  0:01  Drone  
  13  0:13  Overlord  
  13  0:17  Drone  
  14  0:31  Drone x2  
  16  0:37  Drone  
  16  0:39  Extractor  
  16  0:48  Spawning Pool  
  15  0:51  Drone  
  15  0:56  Drone  
  17  1:20  Drone  
  17  1:25  Hatchery  
  17  1:34  Zergling x2  
  17  1:35  Zergling x2  
  17  1:39  Zergling x2  
  20  1:43  Metabolic Boost  
  20  1:58  Roach Warren  
  19  2:09  Overlord  
  19  2:16  Zergling x2  
  19  2:20  Queen  
  22  2:38  Roach x2  
  22  2:39  Roach  
  27  2:56  Zergling x6  
  29  3:01  Zergling x2  
  30  3:07  Ravager  
  30  3:08  Ravager  
  30  3:11  Zergling x4  
  34  3:23  Overlord  
  34  3:26  Zergling x2  
  35  3:33  Ravager  
  36  3:55  Zergling x14  
  40  4:05  Zergling x2  
  40  4:08  Zergling x2  
  42  4:16  Queen  
  44  4:25  Overlord  
  39  4:38  Drone x4  
  40  5:02  Drone x6  
  43  5:10  Drone x2  
  45  5:27  Hatchery  
  44  5:33  Overlord  
  44  5:34  Overlord  
  44  5:52  Queen  
  44  5:55  Drone x7  
  53  6:00  Spore Crawler  
  52  6:05  Drone x3  
  52  6:07  Drone  
  52  6:10  Spore Crawler  
  55  6:18  Evolution Chamber  
  55  6:22  Overlord  
  55  6:23  Overlord  
  51  6:28  Drone x4  
  52  6:37  Extractor  
  52  6:38  Queen  
  52  6:39  Evolution Chamber  
  52  6:46  Lair  
  52  6:52  Overlord x2  
  52  7:02  Queen  
  52  7:05  Extractor  
  53  7:12  Zerg Ground Armor Level 1, Zerg Missile Weapons Level 1  
  53  7:15  Drone x4  
  57  7:16  Drone x2  
  59  7:33  Spore Crawler  
  59  7:34  Drone x4  
  59  7:35  Drone  
  59  7:36  Roach x3  
  59  7:37  Roach  
  71  7:48  Drone x5  
  71  7:49  Overlord  
  71  7:50  Overlord  
  75  7:51  Glial Reconstitution  
  75  8:01  Roach x2  
  79  8:11  Drone x3, Extractor  
  81  8:13  Drone x3  
  81  8:14  Drone x3  
  81  8:16  Roach x2  
  81  8:17  Roach  
  81  8:19  Extractor  
  92  8:26  Extractor  
  91  8:27  Overlord x3  
  91  8:31  Overlord x2  
  91  8:37  Overlord  
  91  8:47  Roach x2  
  95  8:49  Roach  
  95  8:50  Roach  
  95  8:53  Roach  
  95  8:55  Roach  
  103  8:56  Roach  
  103  8:59  Hatchery  
  103  9:00  Roach x2  
  108  9:03  Roach  
  108  9:04  Roach  
  108  9:06  Roach  
  108  9:08  Roach  
  118  9:10  Roach  
  118  9:12  Roach  
  118  9:16  Ravager x3  
  118  9:17  Ravager  
  124  9:18  Roach  
  124  9:20  Roach  
  124  9:22  Overlord  
  124  9:23  Overlord  
  128  9:36  Zerg Missile Weapons Level 2, Overseer  
  118  9:57  Roach x13  
  138  10:10  Roach x3  
  138  10:11  Roach x3  
  138  10:13  Overlord x2  
  145  10:30  Roach x2  
  145  10:31  Overlord x3  
  139  10:37  Overlord x2  
  139  10:40  Zerg Melee Weapons Level 1  
  139  10:41  Roach  
  139  10:42  Baneling Nest  
  140  10:45  Queen  
  138  10:59  Roach x8  
  142  11:09  Roach  
  142  11:10  Roach x4  
  124  11:13  Roach x2  
  124  11:14  Drone  
  103  11:20  Roach x2  
  103  11:26  Ravager x3  
  103  11:27  Queen  
  103  11:29  Roach x2  
  103  11:32  Zergling x4  
  98  11:47  Zergling x16  
  98  11:53  Drone  
  98  11:54  Drone x2  
  104  12:01  Drone x2  
  105  12:09  Ravager x2  
  105  12:11  Ravager  
  106  12:17  Drone x10  
  104  12:29  Drone x4  
  101  12:36  Drone x5  
  101  12:37  Drone x2  
  102  12:39  Zerg Melee Weapons Level 2  
  102  12:40  Centrifugal Hooks  
  93  12:46  Hydralisk Den  
  93  12:47  Zerg Ground Armor Level 2  
  93  12:49  Roach x7  
  103  12:51  Infestation Pit  
  103  12:57  Extractor x2  
  103  12:58  Zergling x4  
  102  13:05  Hatchery  
  102  13:10  Hatchery  
  100  13:15  Zergling x22  
  100  13:16  Zergling x2  
  112  13:20  Baneling x4  
  112  13:25  Zergling x12  
  118  13:31  Hive  
  118  13:32  Lurker Den  
  118  13:33  Hydralisk  
  118  13:34  Hydralisk  
  119  13:38  Baneling x2  
  119  13:39  Baneling x4  
  121  13:46  Hydralisk  
  121  13:47  Hydralisk x2  
  127  13:51  Spore Crawler  
  127  13:52  Baneling x5  
  127  13:53  Baneling, Ravager  
  127  13:54  Spore Crawler, Ravager x6  
  132  14:01  Zergling x24  
  144  14:14  Hydralisk x6  
  156  14:23  Zergling x14  
  156  14:24  Zergling x4  
  160  14:41  Lurker x2  
  160  14:42  Lurker x2  
  160  14:43  Lurker, Seismic Spines  
  165  14:46  Lurker x2  
  165  14:49  Zergling x12  
  165  14:50  Zergling x10  
  178  14:58  Zergling x16  
  178  14:59  Zergling x2  
  170  15:21  Lurker x4  
  168  15:23  Zergling x30  
  175  15:32  Hydralisk x3  
  173  15:35  Baneling  
  173  15:36  Baneling  
  173  15:40  Adaptive Talons  
  169  15:43  Hydralisk x4  
  169  15:48  Baneling x4  
  177  15:53  Zergling x16  
  185  16:10  Zergling x18  
  194  16:23  Hatchery  
  143  16:33  Zergling x2  
Show
View Real Time Build Order
Export as new Build Order

Osiris Terran 

Build Orders: Reaper Expand 

Get SALT Encoding   

  12  0:00  SCV  
  13  0:12  SCV  
  14  0:16  Supply Depot  
  14  0:25  SCV  
  15  0:38  SCV  
  15  0:39  Barracks  
  16  0:43  Refinery  
  16  0:50  SCV  
  17  1:02  SCV  
  18  1:14  SCV  
  19  1:27  Reaper, Orbital Command  
  20  1:40  Command Center  
  20  1:47  Supply Depot  
  20  1:53  SCV  
  21  1:59  Marine  
  22  2:06  SCV  
  22  2:10  Factory  
  22  2:18  Bunker  
  22  2:21  SCV  
  23  2:24  Marine  
  23  2:28  Bunker  
  24  2:33  SCV  
  25  2:46  Marine  
  25  2:56  Orbital Command  
  25  2:58  Factory Tech Lab  
  25  3:00  SCV  
  25  3:04  Marine  
  27  3:13  Engineering Bay  
  27  3:14  SCV  
  27  3:18  Siege Tank  
  31  3:24  SCV  
  31  3:26  SCV  
  33  3:29  Refinery  
  33  3:34  Marine  
  34  3:44  Supply Depot  
  34  3:52  Orbital Command  
  34  3:53  Supply Depot  
  34  3:54  Siege Tank, Marine  
  36  4:08  Engineering Bay  
  36  4:11  SCV  
  36  4:14  Marine  
  38  4:21  SCV  
  38  4:23  SCV  
  40  4:26  Supply Depot  
  40  4:28  Cyclone  
  43  4:38  SCV  
  40  4:43  Starport  
  40  4:44  SCV  
  41  4:45  Marine  
  42  4:54  SCV  
  41  5:05  SCV  
  42  5:12  SCV  
  43  5:15  Marine  
  43  5:17  SCV  
  43  5:21  Factory Tech Lab  
  45  5:24  SCV  
  45  5:25  Supply Depot  
  46  5:28  Banshee  
  46  5:29  SCV  
  50  5:36  Command Center  
  50  5:38  SCV  
  51  5:44  SCV  
  51  5:45  Marine  
  53  5:50  SCV  
  53  5:56  SCV  
  55  6:02  SCV  
  55  6:08  SCV  
  56  6:12  Barracks  
  56  6:14  SCV, Barracks  
  57  6:28  SCV  
  57  6:30  Siege Tank  
  61  6:38  Orbital Command  
  61  6:40  Bunker  
  61  6:42  SCV  
  62  6:48  Orbital Command  
  62  6:50  Stimpack  
  62  6:51  Barracks, Terran Infantry Weapons Level 1, Terran Infantry Armor Level 1  
  62  6:54  SCV  
  62  6:55  Starport Reactor  
  62  7:01  Barracks Reactor  
  63  7:05  Marine, Barracks Reactor  
  63  7:06  SCV  
  65  7:09  SCV  
  66  7:18  SCV  
  66  7:21  Supply Depot  
  66  7:22  Refinery  
  67  7:23  Refinery  
  67  7:26  SCV  
  68  7:32  SCV  
  69  7:37  Supply Depot  
  69  7:38  Marine x2  
  69  7:39  Barracks Reactor  
  69  7:44  SCV x3  
  73  7:49  Marine x3  
  73  7:51  Siege Tank, Medivac  
  82  7:52  Orbital Command, Medivac  
  84  7:58  Marine  
  84  7:59  Marine  
  84  8:03  SCV  
  87  8:07  Marine  
  87  8:10  SCV  
  87  8:11  Supply Depot  
  89  8:12  Marine  
  89  8:13  Armory, Supply Depot, Marine  
  89  8:16  Marine  
  89  8:18  Marine  
  93  8:27  Barracks  
  93  8:33  Siege Tank, Marine x2, Medivac  
  100  8:37  Combat Shield  
  100  8:39  Marine x3  
  100  8:40  Marauder, Marine  
  106  8:43  SCV  
  106  8:44  SCV x2  
  109  8:56  Refinery  
  109  8:59  Refinery  
  109  9:00  Supply Depot  
  109  9:01  Supply Depot x2  
  109  9:02  Terran Infantry Weapons Level 2  
  109  9:17  Barracks Reactor  
  109  9:21  SCV, Marine x2, Siege Tank, Medivac  
  109  9:22  Marine x4  
  109  9:23  SCV x2, Marauder  
  125  9:30  Supply Depot  
  125  9:33  SCV  
  125  9:35  SCV, Missile Turret  
  125  9:36  Missile Turret  
  125  9:38  Missile Turret  
  127  9:40  Supply Depot, Marine  
  127  9:41  Marine x2  
  127  9:42  Supply Depot, Marine x3  
  133  9:49  Marine  
  129  9:56  Marine  
  129  9:57  Siege Tank, Marine, Medivac  
  129  9:58  Marine, Medivac  
  127  10:04  SCV x2  
  116  10:46  Command Center  
  106  11:07  Marine x3  
  106  11:08  Marine  
  106  11:10  SCV, Marine x2  
  106  11:11  Marine  
  102  11:12  Marine  
  102  11:14  Marauder  
  102  11:15  Medivac  
  102  11:16  Siege Tank  
  101  11:19  Medivac  
  98  11:28  Marine x3  
  98  11:29  Marine  
  102  11:36  Marine  
  102  11:37  Supply Depot  
  102  11:38  Supply Depot, Marine  
  92  11:51  Marine x3  
  88  11:58  Orbital Command  
  85  12:01  Bunker  
  85  12:04  Bunker, Marine x2  
  85  12:05  Marauder  
  81  12:26  Marauder  
  81  12:27  Marine x6  
  81  12:28  Siege Tank, Marine, Medivac x2  
  87  12:47  Marauder  
  89  12:54  Terran Infantry Armor Level 2, Terran Infantry Weapons Level 3  
  89  12:59  Factory  
  89  13:00  Marine x8  
  97  13:07  SCV x2  
  97  13:08  Marine  
  100  13:16  Supply Depot  
  100  13:17  Marine  
  100  13:18  Siege Tank, Supply Depot  
  100  13:19  SCV  
  107  13:22  Marine x5  
  107  13:23  Marine  
  111  13:29  Marauder, Marine  
  114  13:41  Marine x4  
  114  13:42  Supply Depot, Marine x3  
  114  13:44  Factory Tech Lab  
  114  13:46  Supply Depot  
  114  13:47  Marine, Liberator x2  
  128  13:52  Terran Vehicle Weapons Level 1  
  128  14:07  Marine  
  128  14:08  Marauder, Marine x4  
  128  14:09  Siege Tank x2  
  141  14:22  Marine x3  
  144  14:29  Command Center, Marauder  
  139  14:40  Marine x8  
  147  14:50  Marine  
  147  14:51  Siege Tank x2  
  154  14:58  Marine x2  
  151  15:10  Marine x7  
  151  15:11  Liberator  
  159  15:15  Marine  
  159  15:16  Marine  
  139  15:24  Siege Tank  
  139  15:25  Siege Tank  
  139  15:27  Marine  
  139  15:28  Marine  
  138  15:41  Planetary Fortress  
  135  15:47  Marine  
  135  15:48  Marine x7  
  135  15:49  Marauder  
  145  15:50  Liberator  
  148  16:11  Siege Tank x2  
  154  16:16  Factory  
  154  16:17  Refinery  
  129  16:30  Marine  
  129  16:31  Marine x8  
Tags
 
Add a new tag
Caveats
  • Supply blocks, unpowered buildings, or Contaminate may cause inaccurate times.
  • Supply counts are checked every 10 seconds.